 Dungeon Crawl Stone Soup version 0.19.4-8-ga85b6b9 (webtiles) character file.

436818 Naow the Executioner (level 25, -17/206 HPs)
             Began as a Formicid Fighter on Feb 14, 2017.
             Was a High Priest of Okawaru.
             Demolished by an azure jelly (44 damage)
             ... created by the Royal Jelly
             ... on level 4 of the Pits of Slime.
             The game lasted 01:41:30 (45210 turns).

Naow the Executioner (Formicid Fighter)            Turns: 45210, Time: 01:41:30

Health: -17/206    AC: 22    Str: 34    XL:     25   Next: 20%
Magic:  34/37      EV: 12    Int: 12    God:    Okawaru [*****.]
Gold:   2056       SH: 37    Dex:  8    Spells: 2 memorised, 22 levels left

rFire  . . .     SeeInvis +     O - +4 battleaxe (flame)
rCold  . . .     Gourm    .     r - +0 plate armour
rNeg   + . .     Faith    .     m - +18 shield of the Gong {rElec rN+ MR+ EV-5}
rPois  +         Spirit   .     (helmet unavailable)
rElec  +         Reflect  +     M - +2 cloak {rPois}
rCorr  +         Harm     .     e - +0 pair of gloves "Keushaja" {MR- Regen+ MP+9 SInv}
MR     ++...                    n - +2 pair of boots {Stlth+}
Stlth  ..........               J - +5 amulet of reflection
                                D - +6 ring of slaying
                                l - ring of resist corrosion

@: mighty, heroism, finesse, corroded
A: permanent stasis, dig shafts and tunnels, four strong arms, antennae 3,
clever 1, clumsy 1, low mp 1, screaming 1, weak 1
a: Dig, Shaft Self, Heroism, Finesse, Renounce Religion
}: 2/15 runes: decaying, gossamer


You were on level 4 of the Pits of Slime.
You worshipped Okawaru.
Okawaru was extremely pleased with you.
You were not hungry.

You visited 8 branches of the dungeon, and saw 41 of its levels.
You also visited: Wizlab.

You collected 4194 gold pieces.
You spent 2138 gold pieces at shops.

Inventory:

Hand Weapons
 O - a +4 battleaxe of flaming (weapon)
 S - a +5 antimagic executioner's axe
Armour
 e - the +0 pair of gloves "Keushaja" (worn) {MR- Regen+ MP+9 SInv}
   (Okawaru gifted it to you on level 3 of the Depths)

   It affects your resistance to hostile enchantments.
   It affects your magic capacity (+9).
   It lets you see invisible.
   It increases your rate of regeneration.
 m - the +18 shield of the Gong (worn) {rElec rN+ MR+ EV-5}
   (You found it on level 10 of the Dungeon)

   It affects your evasion (-5).
   It insulates you from electricity.
   It protects you from negative energy.
   It affects your resistance to hostile enchantments.
 n - a +2 pair of boots of stealth (worn)
 r - a +0 plate armour (worn)
 M - a +2 cloak of poison resistance (worn)
Jewellery
 c - the ring "Bepremp" {rF+ rC+ Dex+9 Slay-2}
   (You found it on level 3 of the Depths)

   [ring of protection from cold]

   It affects your dexterity (+9).
   It affects your accuracy and damage with ranged weapons and melee attacks
   (-2).
   It protects you from fire.
   It protects you from cold.
 l - a ring of resist corrosion (left hand)
 w - an uncursed ring of protection from cold
 D - a +6 ring of slaying (right hand)
 J - a +5 amulet of reflection (around neck)
 V - the ring of Shaolin {EV+8}
   (You found it on level 7 of the Dungeon)

   [ring of evasion]

   It affects your evasion (+8).
 Z - an uncursed ring of protection from fire
Wands
 b - a wand of digging (19/24)
 p - a wand of heal wounds (1/9)
 Y - a wand of disintegration (14/24)
Scrolls
 a - 15 scrolls of remove curse
 g - a scroll of brand weapon
 h - 13 scrolls of recharging
 v - a scroll of holy word
 y - 7 scrolls of amnesia
 A - 2 scrolls of silence
 B - 7 scrolls of fear
 C - 3 scrolls of magic mapping
 G - 3 scrolls of enchant armour
 I - a scroll of fog
 N - 6 scrolls of identify
 U - 2 scrolls of summoning
Potions
 d - a potion of might
 o - 2 potions of invisibility
 q - 4 potions of curing
 s - a potion of magic
 u - 5 potions of cancellation
 z - a potion of cure mutation
 E - 6 potions of heal wounds
 P - 3 potions of resistance
 Q - a potion of mutation
 T - 4 potions of lignification
 W - 5 potions of flight
 X - 5 potions of ambrosia
Comestibles
 f - 20 bread rations
 i - 30 fruits
 j - 18 meat rations
 x - 4 beef jerkies
 H - a slice of pizza


   Skills:
 + Level 18.9(23.9) Fighting
 - Level 24.6(27) Axes
 - Level 18.6(23.6) Armour
 + Level 14.4(19.4) Dodging
 - Level 8.3(13.3) Shields
 - Level 11.5 Invocations


You had 22 spell levels left.
You knew the following spells:

 Your Spells              Type           Power        Failure   Level  Hunger
a - Summon Butterflies    Summ           #.......     87%         1    ##.....
b - Apportation           Tloc           #.........   87%         1    ##.....


Dungeon Overview and Level Annotations

Branches:
Dungeon (15/15)            Temple (0/1) D:4            Lair (6/6) D:8
  Swamp (4/4) Lair:4       Spider (4/4) Lair:4        Slime (5/5) Lair:5
    Orc (2/2) D:11            Elf (0/3) Orc:2        Vaults (0/5) D:13
 Depths (4/5) D:15           Hell (1/1)
    Dis: Hell:1         Geh: Hell:1         Coc: Hell:1         Tar: Hell:1

Altars:
Cheibriados
Elyvilon
Kikubaaqudgha
Okawaru
Trog
Jiyva

Shops:
D:6 **   D:11 ?   D:14 =   Orc:2 [((!

Portals:
Hell: Depths:1 Depths:2 Depths:3
Abyss: Depths:1 Depths:2 Depths:4
Pandemonium: Depths:3
Trove: D:15 (show slimy rune of Zot)

Annotations:
D:3 letownia's ghost, amateur OpWz
Slime:5 Royal Jelly
Hell Geryon


Innate Abilities, Weirdness & Mutations

You are under a permanent stasis effect.
You can dig through walls and to a lower floor.
Your four strong arms can wield two-handed weapons with a shield.
You have a pair of large antennae on your head. (SInv)
Your mind is acute. (Int +2)
You are clumsy. (Dex -2)
Your magical capacity is low. (-10% MP)
You occasionally shout uncontrollably at your foes.
You are weak. (Str -2)


Message History

The death ooze hits you.
* * * LOW HITPOINT WARNING * * *
The slime creature hits you.
* * * LOW HITPOINT WARNING * * *
The azure jelly closely misses you. You block the azure jelly's attack.
BONNNG!
The azure jelly hits you.
* * * LOW HITPOINT WARNING * * *
The azure jelly hits you.
* * * LOW HITPOINT WARNING * * *
The azure jelly closely misses you. x2; The azure jelly misses you.
The azure jelly hits you but does no damage.
The acid blob hits you!
* * * LOW HITPOINT WARNING * * *
You are splashed with acid!
The acid burns!
You resist.
* * * LOW HITPOINT WARNING * * *
The azure jelly hits you.
* * * LOW HITPOINT WARNING * * *
The azure jelly freezes you!!!
You die...

#.###.##...#.....#.###.###
# ###................#.###
##...................##
#....................#
..#...<........#......##
#................###....#
##.#.##.....J....#.##..##
######....JJJ.......#..#
##.....J@J...........#
#.............##....##
##.............##..###
#..................#
##.................#
#....#.........#.##
##..#......<......#
#................#
##.#..............#


You could see 2 acid blobs, 2 azure jellies, a slime creature and a death ooze.

Vanquished Creatures
  Dissolution (Slime:3)
  Mara (Spider:4)
  A juggernaut (Depths:3)
  A greater mummy (Depths:1)
  A caustic shrike (Depths:2)
  A golden dragon (Depths:4)
  The ghost of cba the Imperceptible, a veteran OpAs of Dithmenos (Depths:1)
  Nikola (Spider:1)
  Arachne (Spider:4)
  A Hellbinder (WizLab)
  2 liches
  2 tentacled monstrosities
  Asterion (Lair:4)
  3 titans
  21 acid blobs
  Frances (Spider:1)
  Gastronok (Lair:2)
  Agnes (D:14)
  6 thorn hunters
  The ghost of flsc the Executioner, an adept MiBe of Trog (Depths:1)
  7 sphinxes
  A tengu reaver (Depths:2)
  Roxanne (D:15)
  The ghost of letownia the Spry, an adept OpWz of Gozag (Spider:2)
  7 fire giants
  5 azure jellies
  5 frost giants
  4 emperor scorpions
  2 cacodemons
  Aizul (Spider:4)
  5 ghost moths
  3 iron dragons
  A deep elf elementalist (Depths:3)
  Louise (Spider:4)
  14 very ugly things
  An entropy weaver (Spider:4)
  2 reapers (WizLab)
  3 deep elf demonologists
  10 stone giants
  6 vampire knights
  9 spark wasps
  A deep elf annihilator (Depths:4)
  12 ettins
  The ghost of Opal the Basher, a journeyman DrBe of Trog (D:13)
  A blizzard demon (WizLab)
  Snorg (D:14)
  2 deep elf death magi
  3 death oozes
  3 mummy priests (Depths:1)
  9 fire dragons
  4 yaktaur captains
  The ghost of Greenblue the Grappler, a journeyman DrTm of Qazlal (Lair:4)
  8 great orbs of eyes
  10 ogre magi
  7 ice dragons
  Harold (Lair:4)
  26 hydras
  2 rakshasas
  4 ghost crabs
  A vault guard (D:13)
  3 spriggan air magi
  A catoblepas (Lair:3)
  11 alligators
  A death knight (D:14)
  6 centaur warriors
  8 tengu warriors
  11 deep troll earth magi
  12 deep troll shamans
  A queen ant (shapeshifter) (Depths:2)
  8 spriggan berserkers
  An orc high priest (Orc:2)
  Sonja (D:14)
  A hell knight (Depths:2)
  4 soul eaters (WizLab)
  A sun demon (WizLab)
  A skeletal warrior (D:13)
  3 iron trolls (Depths:2)
  4 spriggan druids
  4 unseen horrors
  A gelid demonspawn (Depths:3)
  A swamp dragon (shapeshifter) (Depths:4)
  2 flayed ghosts (Depths:4)
  10 swamp dragons
  24 deep trolls
  A shambling mangrove (Swamp:4)
  An orange crystal statue (Depths:1)
  A shadow dragon zombie (Depths:1)
  5 glowing orange brains
  A hill giant (shapeshifter) (Depths:4)
  6 wizards
  7 hill giants
  An orc knight (Orc:1)
  22 orb spiders
  A fire giant zombie (Depths:1)
  3 deep elf magi
  9 orc sorcerers
  3 necromancers
  A wolf spider zombie (D:15)
  17 ugly things
  29 wolf spiders
  2 cyclopes
  5 shining eyes
  A manticore (D:12)
  3 moths of wrath (Spider:4)
  7 elephants
  4 eyes of devastation
  A torpor snail (Spider:2)
  2 black mambas
  3 orange demons (WizLab)
  A water nymph (shapeshifter) (Depths:2)
  A smoke demon (Depths:3)
  2 naga magi (D:15)
  36 spiny frogs
  A redback zombie (D:15)
  3 guardian mummies
  A komodo dragon (shapeshifter) (D:13)
  6 komodo dragons
  3 rime drakes
  12 yaktaurs
  14 demonic crawlers
  2 freezing wraiths (D:13)
  2 ice devils (WizLab)
  2 tengu conjurers
  40 jumping spiders
  2 red devils (WizLab)
  5 trolls
  A polar bear (Lair:6)
  A merfolk (D:10)
  11 tyrant leeches
  11 blink frogs
  6 hippogriffs
  15 bog bodies
  A snapping turtle (shapeshifter) (Depths:1)
  8 two-headed ogres
  Grinder (D:5)
  13 hornets
  5 dream sheep (Lair:6)
  A meliai zombie (D:14)
  A spriggan zombie (Depths:1)
  103 slime creatures
  An ettin zombie (Depths:1)
  4 shadows
  69 redbacks
  A vampire (D:14)
  6 air elementals
  3 wraiths
  3 spriggans
  A spriggan (shapeshifter) (Depths:3)
  29 tarantellas
  3 ynoxinuls
  6 water elementals
  38 yaks
  A yak (shapeshifter) (Depths:2)
  A hog (shapeshifter) (Depths:3)
  4 wyverns
  4 basilisks
  A chaos spawn (Depths:3)
  9 golden eyes
  37 vampire mosquitoes
  25 swamp worms
  8 insubstantial wisps
  2 mottled dragons
  7 wargs
  8 water moccasins
  12 porcupines
  9 sky beasts
  16 swamp drakes
  9 ice beasts
  21 orc warriors
  2 phantoms
  4 black bears
  6 eyes of draining
  32 ogres
  3 boggarts (Depths:2)
  A necrophage (D:10)
  7 centaurs
  16 crocodiles
  3 wolves (Depths:1)
  A big kobold (D:9)
  30 bullfrogs
  A gnoll sergeant (D:8)
  3 scorpions
  13 killer bees
  A howler monkey (D:9)
  21 wights
  7 electric eels
  9 crimson imps
  3 centaur zombies
  A bullfrog zombie (D:10)
  6 hounds
  18 orc priests
  6 jellies
  A bullfrog skeleton (D:9)
  7 centaur skeletons
  38 orc wizards
  5 iguanas
  Terence (D:3)
  Ijyb (D:2)
  10 worker ants
  A hound zombie (D:9)
  A hound skeleton (D:5)
  2 mummies (Depths:1)
  A howler monkey zombie (D:8)
  A worker ant zombie (D:8)
  5 gnolls
  16 adders
  3 shadow imps
  2 oozes
  An adder zombie (D:2)
  5 adder skeletons
  4 worms
  A dart slug (D:1)
  6 leopard geckos
  84 orcs
  2 ball pythons
  4 giant cockroaches
  9 hobgoblins
  5 jackals
  8 kobolds
  7 quokkas
  6 bats
  7 frilled lizards
  7 goblins
  A leopard gecko skeleton (D:2)
  2 quokka skeletons
  13 rats
  19 briar patches
  3 crawling corpses (Depths:2)
  3 fungi
  7 plants
1633 creatures vanquished.

Vanquished Creatures (others)
  2 stone giants
  A yaktaur captain (Depths:2)
  5 centaur warriors
  A tengu warrior (Depths:2)
  5 yaktaurs
  A floating eye (Depths:2)
  4 centaurs
  An ufetubus (WizLab)
  2 orcs (Orc:1)
  14 fungi
  39 plants
  5 toadstools (Swamp:2)
80 creatures vanquished.

Grand Total: 1713 creatures vanquished

Notes
Turn   | Place    | Note
-------+----------+-------------------------------------------
     0 | D:1      | Naow the Formicid Fighter began the quest for the Orb.
     0 | D:1      | Reached XP level 1. HP: 18/18 MP: 1/1
    86 | D:1      | Reached XP level 2. HP: 19/24 MP: 2/2
   264 | D:1      | Reached skill level 3 in Axes
   264 | D:1      | Reached XP level 3. HP: 29/29 MP: 3/3
   829 | D:2      | Reached XP level 4. HP: 35/35 MP: 4/4
  1062 | D:2      | Reached skill level 4 in Axes
  1093 | D:2      | Reached XP level 5. HP: 37/41 MP: 5/5
  1305 | D:2      | Noticed Ijyb
  1319 | D:2      | Killed Ijyb
  1546 | D:3      | Reached skill level 5 in Shields
  1696 | D:3      | Reached XP level 6. HP: 47/47 MP: 6/6
  2070 | D:3      | Found an iron altar of Okawaru.
  2080 | D:3      | Noticed Terence
  2086 | D:3      | Became a worshipper of Warmaster Okawaru
  2104 | D:3      | Killed Terence
  2104 | D:3      | Reached skill level 5 in Axes
  2119 | D:3      | Noticed letownia's ghost (amateur OpWz)
  2416 | D:3      | Noticed a phantom
  2447 | D:3      | Killed a phantom
  3046 | D:4      | Reached XP level 7. HP: 38/52 MP: 7/7
  3062 | D:4      | Reached skill level 6 in Axes
  3246 | D:4      | Found a staircase to the Ecumenical Temple.
  3915 | D:5      | Entered Level 5 of the Dungeon
  3945 | D:5      | Reached * piety under Okawaru
  3945 | D:5      | Reached skill level 1 in Invocations
  4297 | D:5      | Reached XP level 8. HP: 58/58 MP: 9/9
  4331 | D:5      | Reached skill level 7 in Axes
  4360 | D:5      | Noticed Grinder
  4393 | D:5      | Killed Grinder
  4687 | D:5      | Reached ** piety under Okawaru
  5012 | D:6      | Reached skill level 8 in Axes
  5137 | D:6      | Reached XP level 9. HP: 64/64 MP: 12/12
  5381 | D:6      | Found Weogocot's Assorted Antiques.
  5385 | D:6      | Bought a twitching glass ring for 125 gold pieces
  5385 | D:6      | Identified the ring of the Oligarchy {rPois Dex+7} (You bought it in a shop on level 6 of the Dungeon)
  5398 | D:6      | Found Imoxkif's Assorted Antiques.
  5442 | D:6      | Reached skill level 5 in Invocations
  5460 | D:6      | Reached skill level 9 in Axes
  6094 | D:7      | Reached *** piety under Okawaru
  6662 | D:8      | Found a staircase to the Lair.
  6663 | D:8      | Noticed a blink frog
  6673 | D:8      | Reached XP level 10. HP: 57/70 MP: 11/14
  6674 | D:8      | Reached **** piety under Okawaru
  6674 | D:8      | Reached skill level 10 in Axes
  6945 | D:8      | Reached skill level 5 in Armour
  7370 | D:9      | Found a white marble altar of Elyvilon.
  7395 | D:9      | Reached skill level 11 in Axes
  7405 | D:9      | Reached ***** piety under Okawaru
  7699 | D:9      | Reached XP level 11. HP: 68/75 MP: 13/16
  7990 | D:9      | Reached skill level 12 in Axes
  8406 | D:10     | Entered Level 10 of the Dungeon
  8666 | D:10     | Noticed an unseen horror
  8687 | D:10     | Killed an unseen horror
  8687 | D:10     | Received a gift from Okawaru
  8690 | D:10     | Got a distressingly furry ring mail {god gift}
  8701 | D:10     | Identified the +0 ring mail of Okawaru's Hope {rC- rN++ rCorr Str+4 Dex+3} (Okawaru gifted it to you on level 10 of the Dungeon)
  8956 | D:10     | Reached skill level 5 in Fighting
  9512 | D:10     | Reached skill level 13 in Axes
  9759 | D:8      | Reached XP level 12. HP: 83/86 MP: 19/19
  9766 | Lair:1   | Entered Level 1 of the Lair of Beasts
  9809 | Lair:1   | Reached skill level 10 in Invocations
 10923 | Lair:2   | Received a gift from Okawaru
 11169 | Lair:2   | Noticed Gastronok
 11189 | Lair:2   | Killed Gastronok
 11189 | Lair:2   | Reached ****** piety under Okawaru
 11189 | Lair:2   | Reached skill level 14 in Axes
 11710 | Lair:3   | Received a gift from Okawaru
 11744 | Lair:3   | Reached XP level 13. HP: 97/97 MP: 21/21
 11838 | Lair:3   | Noticed a catoblepas
 11865 | Lair:3   | Killed a catoblepas
 12348 | Lair:4   | Noticed Greenblue's ghost (journeyman DrTm)
 12359 | Lair:4   | Killed Greenblue's ghost
 12487 | Lair:4   | Noticed Harold
 12501 | Lair:4   | Killed Harold
 12501 | Lair:4   | Reached skill level 15 in Axes
 12963 | Lair:4   | Found a staircase to the Swamp.
 13051 | Lair:4   | Found a hole to the Spider Nest.
 13338 | Lair:5   | Noticed an eight-headed hydra
 13346 | Lair:5   | Killed a four-headed hydra
 13690 | Lair:5   | Found a viscous altar of Jiyva.
 13690 | Lair:5   | Found a staircase to the Slime Pits.
 13716 | Lair:5   | Noticed a four-headed hydra
 13721 | Lair:5   | Killed a one-headed hydra
 13735 | Lair:5   | Received a gift from Okawaru
 14092 | Lair:6   | Entered Level 6 of the Lair of Beasts
 14094 | Lair:6   | Noticed a four-headed hydra
 14103 | Lair:6   | Killed a one-headed hydra
 14103 | Lair:6   | Reached skill level 16 in Axes
 14186 | Lair:6   | Reached XP level 14. HP: 97/105 MP: 19/22
 14293 | Lair:6   | Reached skill level 10 in Armour
 14617 | Lair:6   | Reached skill level 17 in Axes
 14888 | Lair:6   | Received a gift from Okawaru
 14893 | Lair:6   | Got a twisted hand axe {god gift}
 16119 | D:11     | Found Gaguagac's Magic Scroll Boutique.
 16307 | D:11     | Found a staircase to the Orcish Mines.
 16986 | D:13     | Reached XP level 15. HP: 104/110 MP: 23/23
 17139 | D:13     | Reached skill level 18 in Axes
 17318 | D:13     | Identified the +8 hand axe of Paakuelo {holy, rPois Dex+2} (Okawaru gifted it to you on level 6 of the Lair of Beasts)
 17327 | D:13     | Learned a level 1 spell: Summon Butterflies
 17442 | D:13     | Received a gift from Okawaru
 17623 | D:13     | Noticed Opal's ghost (journeyman DrBe)
 17635 | D:13     | Killed Opal's ghost
 17950 | D:13     | Found a gate to the Vaults.
 18067 | D:14     | Noticed Sonja
 18079 | D:14     | Killed Sonja
 18115 | D:14     | Noticed Snorg
 18125 | D:14     | Noticed Agnes
 18129 | D:14     | Killed Snorg
 18152 | D:14     | Killed Agnes
 18365 | D:14     | Received a gift from Okawaru
 18392 | D:14     | Found Satteot's Jewellery Shoppe.
 19608 | D:15     | Entered Level 15 of the Dungeon
 19752 | D:11     | Received a gift from Okawaru
 19779 | Orc:1    | Entered Level 1 of the Orcish Mines
 19826 | Orc:1    | Noticed a stone giant
 19835 | Orc:1    | Killed a stone giant
 19835 | Orc:1    | Reached skill level 19 in Axes
 20091 | Orc:2    | Entered Level 2 of the Orcish Mines
 20336 | Orc:2    | Reached XP level 16. HP: 101/120 MP: 24/24
 20400 | Orc:2    | Received a gift from Okawaru
 20727 | Orc:2    | Found Kanemoj's Antique Weapon Emporium.
 20727 | Orc:2    | Found Fojuopsio's Distillery.
 20728 | Orc:2    | Found Dacae's Antique Weapon Shoppe.
 20731 | Orc:2    | Found Lepeg's Armour Shoppe.
 20806 | Orc:2    | Found a staircase to the Elven Halls.
 21344 | Swamp:1  | Entered Level 1 of the Swamp
 21547 | Swamp:1  | Reached skill level 10 in Fighting
 22417 | Swamp:2  | Noticed a thorn hunter
 22431 | Swamp:2  | Killed a thorn hunter
 23120 | Swamp:2  | Received a gift from Okawaru
 23187 | Swamp:2  | Noticed a thorn hunter
 23197 | Swamp:2  | Killed a thorn hunter
 24115 | Swamp:3  | Noticed a thorn hunter
 24131 | Swamp:3  | Killed a thorn hunter
 24209 | Swamp:3  | Received a gift from Okawaru
 24678 | Swamp:3  | Reached XP level 17. HP: 89/133 MP: 25/25
 24982 | Swamp:4  | Entered Level 4 of the Swamp
 24983 | Swamp:4  | Noticed a thorn hunter
 24997 | Swamp:4  | Killed a thorn hunter
 25317 | Swamp:4  | Reached skill level 15 in Armour
 25422 | Swamp:4  | Noticed a thorn hunter
 25435 | Swamp:4  | Killed a thorn hunter
 26202 | Swamp:4  | Noticed a thorn hunter
 26221 | Swamp:4  | Killed a thorn hunter
 26410 | Swamp:4  | Received a gift from Okawaru
 26797 | Swamp:4  | Got a decaying rune of Zot
 27144 | Spider:1 | Entered Level 1 of the Spider Nest
 27151 | Spider:1 | Noticed Frances
 27166 | Spider:1 | Killed Frances
 27198 | Spider:1 | Reached XP level 18. HP: 134/147 MP: 23/26
 27202 | Spider:1 | Noticed Asterion
 27204 | Spider:1 | Noticed Nikola
 27220 | Lair:4   | Noticed an Executioner
 27221 | Lair:4   | Received a gift from Okawaru
 27234 | Lair:4   | Killed Asterion
 27516 | Spider:1 | Killed Nikola
 28193 | Spider:1 | Reached skill level 15 in Fighting
 28555 | Spider:2 | Received a gift from Okawaru
 28576 | Spider:2 | Noticed letownia's ghost (adept OpWz)
 28607 | Spider:2 | Killed letownia's ghost
 29645 | Spider:3 | Identified a scroll of acquirement
 30169 | Spider:4 | Entered Level 4 of the Spider Nest
 30169 | Spider:4 | Noticed Louise
 30175 | Spider:4 | Killed Louise
 30197 | Spider:4 | Noticed Mara
 30208 | Spider:4 | Noticed Naow's illusion
 30227 | Spider:4 | Killed Mara
 30244 | Spider:4 | Received a gift from Okawaru
 30262 | Spider:4 | Noticed Aizul
 30270 | Spider:4 | Killed Aizul
 30270 | Spider:4 | Reached XP level 19. HP: 102/158 MP: 27/27
 30358 | Spider:4 | Noticed Arachne
 30396 | Spider:4 | Killed Arachne
 31810 | Spider:4 | Reached skill level 1 in Dodging
 32223 | Spider:4 | Received a gift from Okawaru
 32227 | Spider:4 | Got a gossamer rune of Zot
 32579 | D:14     | Bought a +6 ring of slaying for 2013 gold pieces
 32841 | D:15     | Found a portal to a secret trove of treasure.
 33168 | D:15     | Noticed Roxanne
 33187 | D:15     | Killed Roxanne
 33188 | D:15     | Identified Roxanne's Reference Book on Transmigration (You took it off Roxanne on level 15 of the Dungeon)
 33415 | D:15     | Reached skill level 20 in Axes
 33415 | D:15     | Reached XP level 20. HP: 168/168 MP: 28/28
 33416 | D:15     | Gained mutation: Your mind is acute. (Int +2) [potion of beneficial mutation]
 33585 | D:15     | Found a staircase to the Depths.
 33927 | Depths:1 | Entered Level 1 of the Depths
 33938 | Depths:1 | Reached skill level 5 in Dodging
 33975 | Depths:1 | Noticed cba's ghost (veteran OpAs)
 34006 | Depths:1 | Reached XP level 21. HP: 163/174 MP: 29/29
 34019 | Depths:1 | Found a one-way gate to the infinite horrors of the Abyss.
 34031 | Depths:1 | Killed cba's ghost
 34592 | Depths:1 | Received a gift from Okawaru
 34621 | Depths:1 | Noticed a greater mummy
 34640 | Depths:1 | Killed a greater mummy
 34640 | Depths:1 | Reached skill level 21 in Axes
 35139 | Depths:1 | Found a gateway to Hell.
 35817 | Depths:1 | Noticed flsc's ghost (adept MiBe)
 35854 | Depths:1 | Killed flsc's ghost
 36153 | Depths:2 | Received a gift from Okawaru
 36168 | Depths:2 | Got a spiked shield {god gift}
 36179 | Depths:2 | Identified the +5 shield of the Kangaroo {rF+} (Okawaru gifted it to you on level 2 of the Depths)
 36997 | Depths:2 | Found an ancient bone altar of Kikubaaqudgha.
 36998 | Depths:2 | Found a snail-covered altar of Cheibriados.
 36998 | Depths:2 | Found a bloodstained altar of Trog.
 37096 | Depths:2 | Reached XP level 22. HP: 161/172 MP: 30/30
 37196 | Depths:2 | Reached skill level 22 in Axes
 38165 | Depths:2 | Noticed a caustic shrike
 38180 | Depths:2 | Killed a caustic shrike
 38180 | Depths:2 | Received a gift from Okawaru
 38510 | Depths:2 | Reached skill level 10 in Dodging
 38727 | Depths:2 | Received a gift from Okawaru
 38761 | Depths:2 | Reached skill level 23 in Axes
 39109 | Hell     | Entered the Vestibule of Hell
 39109 | Hell     | Noticed Geryon
 39150 | Depths:3 | Found a magical portal.
 39169 | WizLab   | Entered The Hall of the Hellbinder
 39412 | WizLab   | Reached XP level 23. HP: 178/178 MP: 31/31
 39605 | WizLab   | Found a burning altar of Makhleb.
 39640 | WizLab   | Identified the Compendium of Polytheism
 39645 | WizLab   | Identified Domusaoza's Tome of Sinister Magic and the Blaze
 39666 | WizLab   | Identified Kaung's Grimoire of Companions
 40053 | Depths:3 | Noticed a juggernaut
 40070 | Depths:3 | Killed a juggernaut
 40070 | Depths:3 | Received a gift from Okawaru
 40225 | Depths:3 | Received a gift from Okawaru
 40248 | Depths:3 | Got a pair of jewelled gloves {god gift}
 40257 | Depths:3 | Identified the +0 pair of gloves "Keushaja" {MR- Regen+ MP+9 SInv} (Okawaru gifted it to you on level 3 of the Depths)
 40436 | Depths:3 | Reached skill level 24 in Axes
 40534 | Depths:3 | Identified Ateip's Handbook of the Igneous Traveller
 40539 | Depths:3 | Learned a level 1 spell: Apportation
 40587 | Depths:3 | Identified the ring of Vuighel {*Tele Int+4 Dex+4 Stlth+} (You found it on level 3 of the Depths)
 40724 | Depths:3 | Gained mutation: Your magical capacity is low. (-10% MP) [a cacodemon]
 40751 | Depths:3 | Found a one-way gate leading to the halls of Pandemonium.
 41246 | Depths:3 | Got a shimmering turquoise ring
 41377 | Depths:4 | Noticed a golden dragon
 41387 | Depths:4 | Killed a golden dragon
 41540 | Depths:4 | Reached XP level 24. HP: 141/186 MP: 28/28
 42019 | Depths:4 | Received a gift from Okawaru
 42703 | Lair:1   | Identified the ring "Bepremp" {rF+ rC+ Dex+9 Slay-2} (You found it on level 3 of the Depths)
 42787 | Slime:1  | Entered Level 1 of the Pits of Slime
 43556 | Slime:3  | Noticed Dissolution
 43565 | Slime:3  | Killed Dissolution
 43652 | Slime:3  | Received a gift from Okawaru
 43942 | Slime:5  | Entered Level 5 of the Pits of Slime
 43975 | Slime:5  | Noticed the Royal Jelly
 44289 | Slime:4  | Reached XP level 25. HP: 131/205 MP: 14/28
 45123 | Slime:5  | Gained mutation: You are weak. (Str -2) [a shining eye]
 45144 | Slime:5  | Gained mutation: You are clumsy. (Dex -2) [a shining eye]
 45175 | Slime:5  | Gained mutation: You occasionally shout uncontrollably at your foes. [a shining eye]
 45206 | Slime:5  | HP: 10/206 [acid blob[the Royal Jelly] (10)]
 45210 | Slime:4  | Demolished by an azure jelly

Skill      XL: |  1  2  3  4  5  6  7  8  9 10 11 12 13 14 15 16 17 18 19 20 21 22 23 24 |
---------------+-------------------------------------------------------------------------+-----
Axes           | 3 4 5 6 8 9 11 13 14 16 17 19 20 21 23 24 | 24.6
Shields        | 4 5 6 7 8 |  8.3
Invocations    | 2 4 6 7 9 11 | 11.5
Armour         | 4 6 7 9 11 12 14 16 18 | 18.6
Fighting       | 5 7 8 9 12 14 16 17 18 | 18.9
Dodging        | 4 5 8 10 12 14 | 14.4

Action                   |  1- 3 |  4- 6 |  7- 9 | 10-12 | 13-15 | 16-18 | 19-21 | 22-24 | 25-27 || total
-------------------------+-------+-------+-------+-------+-------+-------+-------+-------+-------++-------
Melee: War axe           |    80 |   190 |   178 |       |       |       |       |       |       ||   448
       Battleaxe         |       |       |   133 |   484 |   830 |  1158 |   788 |   936 |    83 ||  4412
Invok: Heroism           |       |       |     1 |     3 |    11 |    15 |    16 |    18 |     2 ||    66
       Finesse           |       |       |       |     1 |     4 |     6 |     6 |     6 |     1 ||    24
Evoke: Wand              |       |       |     5 |       |     2 |     1 |     2 |     1 |     2 ||    13
  Use: Scroll            |       |       |       |    24 |     4 |     5 |     4 |     8 |       ||    45
       Potion            |       |       |       |       |     2 |       |     2 |     3 |     2 ||     9
 Stab: Held in net/web   |       |       |       |       |       |       |     1 |       |       ||     1
  Eat: Chunk             |       |     6 |    13 |    16 |    26 |    26 |    21 |    16 |       ||   124
       Fruit             |       |       |       |       |     1 |       |       |       |       ||     1
       Beef jerky        |       |       |       |       |     1 |       |       |       |       ||     1
       Royal jelly       |       |       |       |       |       |     3 |       |       |       ||     3
       Pizza             |       |       |       |       |       |       |     2 |     4 |       ||     6
       Meat ration       |       |       |       |       |       |       |       |       |     1 ||     1
Armor: Scale mail        |    42 |    92 |    89 |    20 |       |       |       |       |       ||   243
       Plate armour      |       |       |       |    61 |   137 |   305 |    87 |   145 |    34 ||   769
Dodge: Dodged            |    29 |    62 |    76 |   144 |    95 |   218 |    98 |   135 |    25 ||   882
Block: Shield            |    44 |   100 |   204 |   403 |   919 |  1491 |   795 |   990 |    82 ||  5028
       Reflection        |       |     1 |       |     6 |    77 |    16 |    21 |    84 |     5 ||   210
